 Dungeon Crawl Stone Soup version 0.22-a0-587-g7d32d7c (webtiles) character file.

172 robertstho the Archer (level 5, 0/42 HPs)
             Began as a Centaur Hunter on July 3, 2018.
             Slain by a hound (3 damage)
             ... on level 6 of the Dungeon.
             The game lasted 00:05:14 (2467 turns).

robertstho the Archer (Centaur Hunter)              Turns: 2467, Time: 00:05:14

Health: 0/42       AC:  5    Str: 15    XL:     5   Next: 27%
Magic:  5/5        EV:  9    Int: 15    God:
Gold:   41         SH:  0    Dex: 10    Spells: 4/4 levels left

rFire    . . .     SeeInvis .   g - +1 short sword (speed)
rCold    . . .     Gourm    .   (no shield)
rNeg     . . .     Faith    .   c - +0 leather armour
rPois    .         Spirit   .   (no helmet)
rElec    .         Reflect  .   (no cloak)
rCorr    .         Harm     .   n - +0 pair of gloves
MR       .....                  (no barding)
Stlth    +.........             (no amulet)
HPRegen  0.14/turn              (no ring)
MPRegen  0.09/turn              (no ring)

@: brilliant, very quick
A: large, hooves 3, deformed body, speed 2, tough skin 3
a: no special abilities


You were on level 6 of the Dungeon.
You were not hungry.

You visited 1 branch of the dungeon, and saw 4 of its levels.

You collected 41 gold pieces.

Inventory:

Hand Weapons
 a - a +1 shortbow
 g - a +1 short sword of speed (weapon)
Missiles
 b - 4 tomahawks (quivered)
 d - 28 arrows
Armour
 c - a +0 leather armour (worn)
 n - a +0 pair of gloves (worn)
Scrolls
 e - a scroll of random uselessness {unknown}
 k - a scroll of amnesia
 l - a scroll of identify
 m - a scroll of teleportation
 p - a scroll of enchant weapon
Potions
 i - a potion of lignification
 j - 2 potions of brilliance
Comestibles
 f - 3 rations


   Skills:
 + Level 2.3 Fighting
 + Level 0.6 Short Blades
 * Level 8.1 Bows
 + Level 0.2 Armour
 + Level 1.7 Dodging
 - Level 0.4 Stealth


You had 4 spell levels left.
You didn't know any spells.
Your spell library was empty.

Dungeon Overview and Level Annotations

Branches:
Dungeon (3/15)

Altars:
Hepliaklqana


Innate Abilities, Weirdness & Mutations

You have hooves in place of feet.
Armour fits poorly on your strangely shaped body.
You cover ground very quickly.
You have extremely tough skin. (AC +3)


Message History

The water moccasin skeleton bites you.
* * * LOW HITPOINT WARNING * * *
You puncture the water moccasin skeleton!
You destroy the water moccasin skeleton!
Your Bows skill increases to level 8!
You have reached level 5!
Your transformation is almost over.
The hound bites you but does no damage. x2
You barely miss the hound.
You feel less wooden.
Your +0 pair of gloves unmelds from your body.
Your +0 leather armour unmelds from your body.
The hound bites you but does no damage.
You hear a distant blaring wail to the north.
You hear a shout!
You hear a howl!
You hear a shout! x2
A quokka skeleton comes into view.
An ogre comes into view. It is wielding a giant club.
There is a stone staircase leading up here.
The hound bites you.
You die...

#..##..........
#$............. #..#
#%........
#..######....##
#.............
###...........##
####....?#...[...#
#O##..h.#####.......#
#....@### #$......#
#...!## #.....?..#
#.... #........#
#.!.. #........#
#.... #..w. #.Z..
....#


You could see an ogre, a worm, a hound and a quokka skeleton.

Vanquished Creatures
  A water moccasin skeleton (D:6)
  4 gnolls (D:2)
  2 adders (D:2)
  5 worms
  3 dart slugs
  2 giant cockroaches
  4 goblins
  7 hobgoblins
  2 jackals (D:3)
  13 kobolds
  A quokka (D:2)
  3 bats (D:1)
  2 frilled lizards
  4 rats
53 creatures vanquished.

Notes
Turn   | Place    | Note
-------+----------+-------------------------------------------
     0 | D:1      | robertstho the Centaur Hunter began the quest for the Orb.
     0 | D:1      | Reached XP level 1. HP: 17/17 MP: 1/1
   137 | D:1      | Reached XP level 2. HP: 10/24 MP: 2/2
   327 | D:1      | Reached skill level 6 in Bows
   826 | D:2      | Reached XP level 3. HP: 6/29 MP: 3/3
  1241 | D:2      | Found a faded altar of an unknown god.
  1839 | D:2      | Reached skill level 7 in Bows
  1839 | D:2      | Reached XP level 4. HP: 27/36 MP: 4/4
  2186 | D:2      | Found a hazy altar of Hepliaklqana.
  2413 | D:3      | You fall through a shaft for 3 floors!
  2418 | D:6      | Noticed a bullfrog
  2451 | D:6      | HP: 2/54 [water moccasin skeleton (4)]
  2452 | D:6      | Reached skill level 8 in Bows
  2452 | D:6      | Reached XP level 5. HP: 2/42 MP: 5/5
  2466 | D:6      | Noticed an ogre
  2467 | D:6      | Slain by a hound

Vault maps used:
D:1:      lemuel_arrival_muddy
D:2:      lemuel_coloured_pillars_altar, chequers_ecumenical_altar_island
D:3:      minmay_misc_feat_four_crosses, uniq_sigmund
D:6:      serial_shops, nicolae_shop_behind_doors, uniq_eustachio, uniq_edmund

Skill      XL: |  1  2  3  4 |
---------------+-------------+-----
Bows           | 6 7 8 |  8.1
Fighting       | |  2.3
Short Blades   | |  0.6
Armour         | |  0.2
Dodging        | |  1.7
Stealth        | |  0.4

Action                   |  1- 3 |  4- 6 || total
-------------------------+-------+-------++-------
Melee: Short sword       |    60 |    15 ||    75
       Kick              |    15 |       ||    15
 Fire: Shortbow          |    57 |    48 ||   105
  Use: Scroll            |       |     4 ||     4
       Potion            |       |     2 ||     2
  Eat: Chunk             |     2 |     1 ||     3
Armor: Leather armour    |    20 |     9 ||    29
       Skin              |       |    16 ||    16
Dodge: Dodged            |    18 |    19 ||    37

Table legend:
 A = Spawn XP
 B = Non-spawn XP
 C = Spawn XP percentage of total XP
 D = Spawn monster count
 E = Non-spawn monster count
 F = Spawn count percentage of total count
 G = Total turns spent on level
                    A         B        C        D         E        F      G
               +---------+---------+-------+---------+---------+-------+---------
         Total |       0 |     246 |   0.0 |       0 |      53 |   0.0 |  2467
               +---------+---------+-------+---------+---------+-------+---------
           D:1 |       0 |      34 |   0.0 |       0 |      20 |   0.0 |   769
           D:2 |       0 |     135 |   0.0 |       0 |      27 |   0.0 |  1579
           D:3 |       0 |      12 |   0.0 |       0 |       5 |   0.0 |    65
           D:6 |       0 |      65 |   0.0 |       0 |       1 |   0.0 |    54
               +---------+---------+-------+---------+---------+-------+---------
